 Dungeon Crawl Stone Soup version 0.28.0-43-g3370ac3207 (webtiles) character file.

Game seed: 17901000977072081382

217 NoSkeletonsAllowed the Skirmisher (level 5, -2/42 HPs)
             Began as a Demonspawn Abyssal Knight on Mar 3, 2022.
             Was a Believer of Lugonu.
             Succumbed to a scorpion's poison
             ... on level 5 of the Dungeon.
             The game lasted 00:27:04 (4031 turns).

NoSkeletonsAllowed the Skirmisher (DsAK)            Turns: 4031, Time: 00:27:04

Health: -2/42      AC:  8    Str: 14    XL:     5   Next: 61%
Magic:  6/6        EV:  6    Int: 11    God:    Lugonu [**....]
Gold:   144        SH:  3    Dex: 15    Spells: 4/4 levels left

rFire   . . .      SeeInvis .   V - +0 war axe (freeze)
rCold   . . .      Faith    +   E - +0 buckler
rNeg    . . .      Spirit   .   C - +0 chain mail
rPois   .          Reflect  .   (helmet restricted)
rElec   .          Harm     .   (no cloak)
rCorr   .          Rampage  .   (no gloves)
Will    .....      Clarity  +   (no boots)
Stlth   ..........              i - amulet of faith
HPRegen 0.14/turn               (no ring)
MPRegen 0.10/turn               (no ring)

@: mighty, lethally poisoned (-2 -> -24), flying, invisible
A: horns 1, powered by death 1, clarity
a: Renounce Religion, Depart the Abyss, Bend Space


You were on level 5 of the Dungeon.
You worshipped Lugonu.
Lugonu was pleased with you.
You visited 1 branch of the dungeon, and saw 5 of its levels.
You visited the Abyss 1 time.

You collected 144 gold pieces.

Inventory:

Hand Weapons
 a - a +1 falchion
 c - a +0 flail
 e - a +0 short sword
 g - a +0 club
 h - a +0 club
 n - a +0 club
 o - a +0 dagger
 q - a +0 short sword
 r - a +0 whip
 t - a +0 dagger
 u - a +0 dagger
 O - a +3 falchion
 Q - a +0 mace
 T - a +0 flail
 V - a +0 war axe of freezing (weapon)
Missiles
 f - 135 stones
 l - 136 arrows
 y - 70 bolts
 F - a throwing net
 J - 14 sling bullets
 P - 5 boomerangs (quivered)
 R - 4 poisoned darts
Armour
 b - a +0 leather armour
 j - a +0 scale mail
 p - a +0 robe
 v - a +0 pair of gloves
 w - a +0 robe
 C - a +0 chain mail (worn)
 D - a +0 helmet
 E - a +0 buckler (worn)
 I - a +0 ring mail
Magical Staves
 H - a staff of death
 U - a staff of cold
Jewellery
 i - an amulet of faith (around neck)
Wands
 S - a wand of digging (3)
Scrolls
 d - a scroll of fog {unknown}
 k - a scroll of magic mapping {unknown}
 s - 3 scrolls of identify {unknown}
 z - a scroll of acquirement {unknown}
 A - a scroll of enchant weapon {unknown}
 B - a scroll of amnesia {unknown}
 G - a scroll of holy word {unknown}
 K - a scroll of silence {unknown}
 L - a scroll of noise {unknown}
Potions
 M - 2 potions of mutation


   Skills:
 * Level 4.0 Fighting
 - Level 1.0(2.0) Short Blades
 - Level 2.6(2.7) Long Blades
 + Level 2.3 Throwing
 - Level 1.7 Armour
 - Level 2.2 Dodging
 - Level 1.0 Stealth
 * Level 0.1 Shields
 + Level 2.5 Invocations


You had 4 spell levels left.
You didn't know any spells.
Your spell library was empty.

Dungeon Overview and Level Annotations

Branches:
Dungeon (5/15)
 Temple: D:4-7

Altars:

Shops:
D:4 [


Innate Abilities, Weirdness & Mutations

You have a pair of small horns on your head.
You regenerate a little health from kills.
You possess an exceptional clarity of mind.


Message History

The scorpion is lightly wounded.
The scorpion stings you.
You are poisoned.
The scorpion poisons you!
You hit the scorpion. You freeze the scorpion.
The scorpion is heavily wounded.
You feel very sick. The scorpion stings you.
You closely miss the scorpion.
The scorpion is heavily wounded.
You feel sick. The scorpion stings you. x2
You are more poisoned.
The scorpion poisons you!
You closely miss the scorpion. Your headbutt misses the scorpion.
The scorpion is heavily wounded.
You feel very sick. The scorpion stings you.
You are lethally poisoned!
The scorpion poisons you! The scorpion completely misses you.
It was a potion of mutation.
You feel extremely strange.
You feel less energetic.
You feel more energetic.
Your thoughts seem clearer.
You feel very sick. The scorpion closely misses you.
It was a potion of might.
You feel very mighty all of a sudden.
* * * LOW HITPOINT WARNING * * *
You feel very sick.
The scorpion stings you but does no damage. x2
It was a potion of invisibility.
You fade into invisibility!
* * * LOW HITPOINT WARNING * * *
You feel very sick. The scorpion stings you.
* * * LOW HITPOINT WARNING * * *
You are more poisoned.
The scorpion poisons you!
It was a potion of flight.
You feel very buoyant.
You fly up into the air.
You die...

##.## ... ... ...
#.# ### #.# ..#
.... #.# #.#
.....##.#### #.#
.........s@# #.#
.....##.##.#
###.##.... #.##.#
#........ #.##.#
#.#.#### #.##.#
.....########.##..
#..#..........###.
.....########## .
#.#......


You could see a scorpion.

Vanquished Creatures
  A centaur skeleton (D:5)
  Jessica (D:2)
  Terence (D:4)
  A killer bee zombie (D:4)
  A hound skeleton (D:4)
  4 adders
  A gnoll (D:1)
  4 dart slugs
  An orc (D:4)
  2 bats (D:1)
  3 endoplasms
  2 giant cockroaches
  5 goblins
  5 hobgoblins
  3 quokkas
  7 ball pythons
  A jackal skeleton (D:4)
  5 kobolds
  7 rats
55 creatures vanquished.

Notes
Turn   | Place    | Note
-------+----------+-------------------------------------------
     0 | Abyss:1  | NoSkeletonsAllowed the Demonspawn Abyssal Knight began the
                  | quest for the Orb.
     0 | Abyss:1  | Reached XP level 1. HP: 18/18 MP: 2/2
     0 | D:1      | Escaped the Abyss
   136 | D:1      | Reached skill level 1 in Dodging
   136 | D:1      | Gained mutation: You regenerate a little health from kills.
                  | [demonic ancestry]
   136 | D:1      | Reached XP level 2. HP: 21/24 MP: 3/3
   315 | D:1      | Reached * piety under Lugonu
   611 | D:1      | Reached XP level 3. HP: 12/29 MP: 4/4
   998 | D:2      | Noticed Jessica
  1008 | D:2      | Killed Jessica
  1009 | D:2      | Reached skill level 1 in Throwing
  1096 | D:2      | Discovered your monstrous ancestry.
  1096 | D:2      | Gained mutation: You have a pair of small horns on your
                  | head. [demonic ancestry]
  1096 | D:2      | Reached XP level 4. HP: 16/37 MP: 5/5
  1504 | D:2      | Noticed Terence
  2189 | D:3      | Found a faded altar of an unknown god.
  2713 | D:4      | Killed Terence
  2817 | D:4      | Reached ** piety under Lugonu
  2837 | D:4      | Reached XP level 5. HP: 16/42 MP: 6/6
  3027 | D:4      | Reached skill level 4 in Fighting
  3185 | D:4      | Found Datukh Diep's Armour Boutique.
  3921 | D:5      | Entered Level 5 of the Dungeon
  3948 | D:5      | Reached skill level 1 in Short Blades
  3948 | D:5      | Reached skill level 1 in Stealth
  4028 | D:5      | Gained mutation: Your magical capacity is low. (-10% MP)
                  | [potion of mutation]
  4028 | D:5      | Lost mutation: Your magical capacity is low. (-10% MP)
                  | [potion of mutation]
  4028 | D:5      | Gained mutation: You possess an exceptional clarity of
                  | mind. [potion of mutation]
  4030 | D:5      | HP: 1/42 [scorpion (5)]
  4031 | D:5      | Succumbed to a scorpion's poison

Illustrated notes

Levels and vault maps discovered:
D:1:      dpeg_arrival_rhombus, layout_basic, kennysheep_decorative_pillar
D:2:      layout_loops_corners, uniq_crazy_yiuf_cottage, uniq_terence,
          uniq_jessica
D:3:      layout_basic, shapermc_ecumenical_altar_totnotflames,
          minmay_misc_feat_diagonals
D:4:      layout_basic, serial_shops, nicolae_shop_advertising_works
          [nicolae_subvault_shop_adworks]
D:5:      layout_loops_ring, nicolae_dithmenos_through_a_glass_darkly

Skill      XL: |  1  2  3  4  5 |
---------------+----------------+-----
Dodging        | 1 2 |  2.2
Long Blades    | 2 |  2.6
Throwing       | 1 2 |  2.3
Fighting       | 4 |  4.0
Short Blades   | 1 |  1.0
Stealth        | 1 |  1.0
Armour         | |  1.7
Shields        | |  0.1
Invocations    | |  2.5

Action                   |  1- 3 |  4- 6 || total
-------------------------+-------+-------++-------
Melee: Falchion          |    77 |    79 ||   156
       Headbutt          |       |    13 ||    13
       War axe           |       |     3 ||     3
Throw: Stone             |    42 |    48 ||    90
       Boomerang         |       |    15 ||    15
Invok: Depart the Abyss  |     1 |       ||     1
  Use: Potion            |     1 |    10 ||    11
Armor: Leather armour    |    15 |     2 ||    17
       Chain mail        |       |    34 ||    34
Dodge: Dodged            |    42 |    35 ||    77
Block: Buckler           |       |    12 ||    12
